 Dungeon Crawl Stone Soup version 0.21.0-24-g2553a3340b (webtiles) character file.

70 Nivus the Shield-Bearer (level 4, -4/40 HPs)
             Began as a Minotaur Fighter on Jan 22, 2018.
             Slain by Sigmund
             ... wielding a +0 scythe
              (12 damage)
             ... on level 2 of the Dungeon.
             The game lasted 00:09:56 (1208 turns).

Nivus the Shield-Bearer (Minotaur Fighter)          Turns: 1208, Time: 00:09:57

Health: -4/40      AC:  7    Str: 21    XL:     4   Next: 4%
Magic:  3/3        EV: 10    Int:  5    God:
Gold:   101        SH: 14    Dex: 10    Spells: 3/3 levels left

rFire    . . .     SeeInvis .   a - +0 war axe
rCold    . . .     Gourm    .   e - +0 large shield
rNeg     . . .     Faith    .   b - +0 scale mail
rPois    .         Spirit   .   (helmet restricted)
rElec    .         Reflect  .   (no cloak)
rCorr    .         Harm     .   (no gloves)
MR       .....                  (no boots)
Stlth    +.........             (no amulet)
HPRegen  0.13/turn              m - ring of stealth
MPRegen  0.08/turn              o - +5 ring of evasion

@: no status effects
A: retaliatory headbutt, horns 2
a: no special abilities


You were on level 2 of the Dungeon.
You were not hungry.

You visited 1 branch of the dungeon, and saw 2 of its levels.

You collected 101 gold pieces.

Inventory:

Hand Weapons
 a - a +0 war axe (weapon)
 h - a +0 club
 p - a +0 spear
 r - a +0 whip
 t - a cursed -1 short sword
 v - a +0 hand axe
 z - a +0 mace
Missiles
 k - 65 arrows
Armour
 b - a +0 scale mail (worn)
 c - a +0 shield
 e - a +0 large shield (worn)
 n - a +0 ring mail
 u - a +0 leather armour
 w - a +0 leather armour
 y - a +0 helmet
 A - a cursed +0 ring mail
 B - a +0 shield
Jewellery
 m - a ring of stealth (left hand)
 o - a +5 ring of evasion (right hand)
Scrolls
 i - 8 scrolls of identify {unknown}
 j - 2 scrolls of remove curse {unknown}
 l - a scroll of teleportation {unknown}
 q - 2 scrolls of amnesia {unknown}
 s - 2 scrolls of fear {unknown}
Potions
 d - a potion of might
 g - a potion of curing {unknown}
 x - a potion of resistance {unknown}
Comestibles
 f - 5 rations


   Skills:
 + Level 4.0 Fighting
 + Level 4.0 Axes
 + Level 4.0 Armour
 + Level 0.5 Dodging
 + Level 4.2 Shields


You had 3 spell levels left.
You didn't know any spells.

Dungeon Overview and Level Annotations

Branches:
Dungeon (2/15)

Altars:
Gozag
Kikubaaqudgha
Ru
Trog
Yredelemnul

Annotations:
D:2 Sigmund


Innate Abilities, Weirdness & Mutations

You reflexively headbutt those who attack you in melee.
You have a pair of horns on your head.


Message History

A puff of flame appears from out of thin air!
The puff of flame hits you!
* * * LOW HITPOINT WARNING * * *
Something hits you.
* * * LOW HITPOINT WARNING * * *
You're too confused!
You're too confused!
Unknown command.
You're too confused!
You're too confused!
You're too confused!
You're too confused!
You're too confused!
Unknown command.
Something hits you but does no damage.
You feel less confused.
You hear some strange, mumbled words.
Something tries to affect you, but you resist.
Something hits you!
You die...

#..#
##^############
#.#..........#
#.#(.........#
#####............#
...####..........#
...# #..........#
._.## #..........#
....###.........@#
....##......######
.......#.####
._.......##
...#####..## ...#
##..# #### ##.# #
#.# #.##


There were no monsters in sight!

Vanquished Creatures
  An adder (D:2)
  An ooze (D:1)
  A worm (D:2)
  4 dart slugs
  2 leopard geckos (D:1)
  7 goblins
  8 hobgoblins
  5 kobolds
  5 bats
  3 frilled lizards
  A leopard gecko skeleton (D:2)
  5 rats
43 creatures vanquished.

Notes
Turn   | Place    | Note
-------+----------+-------------------------------------------
     0 | D:1      | Nivus the Minotaur Fighter began the quest for the Orb.
     0 | D:1      | Reached XP level 1. HP: 19/19 MP: 0/0
    63 | D:1      | Reached XP level 2. HP: 27/27 MP: 1/1
   414 | D:1      | Reached XP level 3. HP: 33/33 MP: 2/2
   736 | D:2      | Found an ancient bone altar of Kikubaaqudgha.
   736 | D:2      | Found a bloodstained altar of Trog.
   739 | D:2      | Found a sacrificial altar of Ru.
   739 | D:2      | Found an opulent altar of Gozag.
   740 | D:2      | Found a basalt altar of Yredelemnul.
   877 | D:2      | Reached XP level 4. HP: 40/40 MP: 3/3
  1050 | D:2      | Noticed Sigmund
  1208 | D:2      | Slain by Sigmund

Skill      XL: |  1  2  3 |
---------------+----------+-----
Fighting       | 4 |  4.0
Axes           | 3 4 |  4.0
Shields        | 4 |  4.2
Armour         | 4 |  4.0
Dodging        | |  0.5

Action                   |  1- 3 |  4- 6 || total
-------------------------+-------+-------++-------
Melee: War axe           |    95 |    11 ||   106
       Headbutt          |     7 |     1 ||     8
  Eat: Ration            |       |     1 ||     1
Armor: Scale mail        |    31 |     7 ||    38
Dodge: Dodged            |    37 |     8 ||    45
Block: Shield            |     5 |       ||     5
       Large shield      |    84 |    40 ||   124
